cohdb
Replays
Latest Replays
All Replays
Popular Replays
Top Player Replays
Match Explorer
How It Works
Community
CoH3 Stats
Reddit
Sign in to upload your games and track your stats! →
Sign in with Steam
Match 41438098
Unlisted
Match 41438098
Overview
Messages
Build Orders
End
Pioneer Squad
Construct Infanterie Kompanie
Selects Terror Battlegroup
Selects Machine Gun Camouflage
MG 42 Machine Gun Team
Grenadier Squad
Grenadier Squad
Construct Panzergrenadier Kompanie
Medical Bunker
Panzergrenadier Squad
Selects Interrogate
Pak 40 Anti-tank Gun Team
Panzergrenadier Squad
Selects Jericho Trumpet
Support Elements
Pak 40 Anti-tank Gun Team
Nebelwerfer 42 Rocket Launcher Team
Construct Panzer Kompanie
Selects V1 Rocket Strike
MG 42 Machine Gun Team
Selects Defend the Fatherland
Jericho Trumpet
Panzer IV Medium Tank
Side Skirts
Nebelwerfer 42 Rocket Launcher Team
Panzergrenadier Officer Quarters
Jericho Trumpet
Pak 40 Anti-tank Gun Team
Defend the Fatherland
Jericho Trumpet
infernoVenom
Sifu
TL
mattw02823
0
0
Comments
sign in to comment!
No comments posted yet!